General information
- name: BNet
- type: Ladder team game (AT/RT)
- host: Battle.net
- saver: TeamCancer
map: GolemsInTheMist
- players: 8
- length: 23:17
- speed: Fast
- version: 1.28 W3XP
- replay type: Public
» download(190 KB)
Players
team 1 (winner)
TeamCancer (
teal | 32 APM | 754 actions | 23:17)
» actions
| Basic commands | 13 | |
| Build / train | 49 | |
| Enter build submenu | 95 | |
| Remove unit from queue | 2 | |
| Right click | 264 | |
| Select / deselect | 225 | |
| Use ability | 106 | |
754 total
» units
| Peon | 33 | |
| Goblin Shredder | 3 | |
| Goblin Zeppelin | 4 | |
40 total
» upgrades
| Reinforced Defenses | 1 | |
| Spiked Barricades | 2 | |
3 total
» buildings
| Orc Burrow | 3 | |
| War Mill | 3 | |
| Watch Tower | 76 | |
| Stronghold | 3 | |
| Great Hall | 5 | |
| Altar of Storms | 3 | |
| Fortress | 1 | |
| Voodoo Lounge | 4 | |
98 total
» build order
00:09 Orc Burrow
00:40 War Mill
00:50 Orc Burrow
01:56 Watch Tower
02:01 Watch Tower
02:24 Watch Tower
02:57 Watch Tower
03:05 Watch Tower
03:07 Watch Tower
03:11 Watch Tower
03:53 Watch Tower
03:55 Watch Tower
04:14 Watch Tower
04:18 Watch Tower
05:02 Watch Tower
05:06 Watch Tower
05:33 Orc Burrow
06:09 Watch Tower
06:12 Watch Tower
07:05 Stronghold
07:18 Great Hall
07:36 Altar of Storms
08:29 Watch Tower
08:30 Watch Tower
08:34 Watch Tower
08:45 Watch Tower
09:48 Great Hall
10:00 Watch Tower
10:00 Watch Tower
10:01 Watch Tower
10:05 Watch Tower
10:28 Fortress
10:58 Voodoo Lounge
11:02 Watch Tower
11:06 Watch Tower
11:06 Watch Tower
11:07 Watch Tower
11:11 Watch Tower
11:13 Watch Tower
11:15 Watch Tower
11:17 Watch Tower
11:31 Watch Tower
11:32 Watch Tower
11:33 Watch Tower
11:39 Watch Tower
14:16 War Mill
15:30 Watch Tower
15:31 Watch Tower
15:31 Watch Tower
15:32 Watch Tower
15:32 Watch Tower
15:55 Watch Tower
15:56 Watch Tower
15:56 Watch Tower
15:57 Watch Tower
15:58 Watch Tower
16:03 Watch Tower
16:05 Watch Tower
16:05 Watch Tower
16:07 Watch Tower
16:09 Voodoo Lounge
17:02 Great Hall
17:05 Watch Tower
17:06 Watch Tower
17:07 Watch Tower
17:09 Watch Tower
17:12 Watch Tower
17:13 Watch Tower
17:13 Watch Tower
17:14 Watch Tower
17:23 Voodoo Lounge
18:19 Stronghold
18:21 Stronghold
19:48 Great Hall
19:57 War Mill
21:13 Altar of Storms
21:17 Altar of Storms
21:23 Watch Tower
21:23 Watch Tower
21:23 Watch Tower
21:23 Watch Tower
21:25 Watch Tower
21:25 Watch Tower
21:26 Watch Tower
21:26 Watch Tower
21:28 Watch Tower
21:28 Watch Tower
21:28 Watch Tower
21:29 Watch Tower
21:30 Watch Tower
21:30 Watch Tower
21:31 Watch Tower
21:32 Watch Tower
21:36 Voodoo Lounge
23:13 Great Hall
23:15 Watch Tower
23:16 Watch Tower
23:16 Watch Tower
Whitebird (
blue | 76 APM | 1770 actions | 23:16)
7 Keeper of the Grove
3 Entangling Roots
3 Thorns Aura
1 Tranquility
4 Priestess of the Moon
2 Trueshot Aura
2 Searing Arrows
» actions
| Assign group hotkey | 36 | |
| Build / train | 91 | |
| Enter build submenu | 13 | |
| Enter hero's abilities submenu | 11 | |
| Give item / drop item | 1 | |
| Right click | 848 | |
| Select / deselect | 204 | |
| Select group hotkey | 501 | |
| Use ability | 65 | |
1770 total
» units
| Wisp | 11 | |
| Archer | 20 | |
| Goblin Zeppelin | 1 | |
| Druid of the Claw | 1 | |
33 total
» upgrades
| Improved Bows | 1 | |
| Marksmanship | 1 | |
| Well Spring | 1 | |
| Ultravision | 1 | |
| Strength of the Moon | 3 | |
| Moon Armor | 1 | |
| Druid of the Claw Training | 2 | |
10 total
» buildings
| Moon Well | 5 | |
| Altar of Elders | 1 | |
| Ancient of War | 1 | |
| Ancient of Wonders | 1 | |
| Tree of Ages | 2 | |
| Tree of Eternity | 1 | |
| Hunter's Hall | 1 | |
| Tree of Life | 2 | |
| Ancient of Wind | 1 | |
| Ancient of Lore | 1 | |
16 total
» build order
00:37 Moon Well
00:50 Altar of Elders
01:08 Ancient of War
01:56 Moon Well
02:16 Ancient of Wonders
03:08 Tree of Ages
03:08 Tree of Ages
05:03 Moon Well
05:03 Moon Well
06:18 Tree of Eternity
08:52 Hunter's Hall
14:57 Tree of Life
16:36 Ancient of Wind
16:38 Ancient of Lore
17:03 Tree of Life
» items
| Lesser Clarity Potion | 2 | |
| Potion of Healing | 7 | |
| Dust of Appearance | 1 | |
| Orb of Venom | 2 | |
| Scroll of Town Portal | 6 | |
| Anti-magic Potion | 1 | |
| Healing Salve | 1 | |
| Scroll of Speed | 1 | |
21 total
zuba_the_frog (
red | 31 APM | 729 actions | 23:16)
4 Archmage
2 Blizzard
2 Brilliance Aura
3 Paladin
1 Holy Light
2 Devotion Aura
» actions
| Basic commands | 1 | |
| Build / train | 72 | |
| Enter build submenu | 22 | |
| Enter hero's abilities submenu | 7 | |
| Remove unit from queue | 1 | |
| Right click | 311 | |
| Select / deselect | 259 | |
| Use ability | 56 | |
729 total
» units
| Peasant | 14 | |
| Knight | 14 | |
| Siege Engine | 10 | |
| Goblin Zeppelin | 1 | |
39 total
» upgrades
| Lumber Harvesting | 1 | |
| Masonry | 2 | |
| Plating | 3 | |
| Gunpowder | 3 | |
| Animal War Training | 1 | |
| Swords | 3 | |
| Barrage | 1 | |
14 total
» buildings
| Altar of Kings | 1 | |
| Farm | 7 | |
| Lumber Mill | 4 | |
| Scout Tower | 3 | |
| Keep | 3 | |
| Guard Tower | 3 | |
| Barracks | 1 | |
| Blacksmith | 1 | |
| Arcane Tower | 1 | |
| Castle | 1 | |
| Workshop | 3 | |
| Town Hall | 1 | |
29 total
» build order
00:06 Altar of Kings
00:10 Farm
00:53 Lumber Mill
01:14 Scout Tower
02:04 Keep
02:04 Keep
02:04 Keep
02:12 Guard Tower
02:13 Guard Tower
03:08 Barracks
03:12 Farm
03:17 Blacksmith
03:48 Scout Tower
04:46 Arcane Tower
04:47 Castle
05:23 Farm
05:49 Farm
06:17 Workshop
06:48 Farm
07:08 Workshop
09:35 Scout Tower
10:31 Farm
10:34 Guard Tower
11:22 Lumber Mill
12:16 Lumber Mill
15:18 Workshop
15:33 Town Hall
16:05 Farm
19:48 Lumber Mill
kiva11 (
purple | 45 APM | 1042 actions | 23:16)
6 Priestess of the Moon
3 Trueshot Aura
2 Scout
1 Starfall
» actions
| Assign group hotkey | 20 | |
| Basic commands | 2 | |
| Build / train | 43 | |
| Enter build submenu | 22 | |
| Enter hero's abilities submenu | 6 | |
| Remove unit from queue | 1 | |
| Right click | 344 | |
| Select / deselect | 117 | |
| Select group hotkey | 460 | |
| Use ability | 27 | |
1042 total
» units
» upgrades
| Ultravision | 1 | |
| Strength of the Moon | 1 | |
| Nature's Blessing | 1 | |
| Strength of the Wild | 3 | |
| Reinforced Hides | 2 | |
| Corrosive Breath | 1 | |
9 total
» buildings
| Moon Well | 7 | |
| Altar of Elders | 1 | |
| Hunter's Hall | 1 | |
| Ancient of War | 2 | |
| Tree of Ages | 1 | |
| Tree of Eternity | 1 | |
| Ancient of Lore | 1 | |
| Ancient of Wind | 1 | |
| Chimaera Roost | 3 | |
| Ancient of Wonders | 1 | |
| Tree of Life | 1 | |
20 total
» build order
00:09 Moon Well
00:11 Altar of Elders
01:20 Hunter's Hall
01:47 Ancient of War
02:09 Ancient of War
02:58 Moon Well
03:00 Moon Well
03:27 Tree of Ages
07:06 Tree of Eternity
08:56 Ancient of Lore
08:58 Ancient of Wind
09:18 Moon Well
09:49 Moon Well
10:20 Chimaera Roost
10:22 Chimaera Roost
10:26 Chimaera Roost
12:21 Moon Well
13:43 Ancient of Wonders
13:48 Moon Well
20:51 Tree of Life
» items
| Orb of Venom | 1 | |
| Anti-magic Potion | 1 | |
| Scroll of Town Portal | 2 | |
| Potion of Healing | 1 | |
5 total
team 2 (loser)

»
lake101 (
green | 65 APM | 1515 actions | 23:15)
6 Mountain King
3 Storm Bolt
3 Thunder Clap
2 Archmage
1 Summon Water Elemental
1 Brilliance Aura
» actions
| Assign group hotkey | 7 | |
| Basic commands | 34 | |
| Build / train | 105 | |
| Enter build submenu | 30 | |
| Enter hero's abilities submenu | 9 | |
| Give item / drop item | 6 | |
| Remove unit from queue | 1 | |
| Right click | 757 | |
| Select / deselect | 393 | |
| Select group hotkey | 71 | |
| Use ability | 102 | |
1515 total
» units
| Peasant | 28 | |
| Rifleman | 22 | |
| Knight | 1 | |
51 total
» upgrades
| Masonry | 4 | |
| Gunpowder | 2 | |
| Armor | 3 | |
| Long Rifles | 2 | |
| Lumber Harvesting | 2 | |
13 total
» buildings
| Altar of Kings | 1 | |
| Farm | 7 | |
| Lumber Mill | 1 | |
| Blacksmith | 1 | |
| Barracks | 1 | |
| Scout Tower | 12 | |
| Arcane Tower | 2 | |
| Guard Tower | 7 | |
| Arcane Vault | 2 | |
| Town Hall | 2 | |
| Keep | 1 | |
37 total
» build order
01:37 Altar of Kings
01:41 Farm
01:48 Farm
02:16 Lumber Mill
02:27 Blacksmith
03:04 Barracks
03:13 Farm
03:32 Scout Tower
03:35 Scout Tower
04:00 Arcane Tower
04:34 Farm
05:10 Farm
05:53 Farm
05:58 Scout Tower
06:00 Guard Tower
06:46 Guard Tower
06:51 Farm
06:55 Arcane Vault
10:07 Town Hall
11:00 Keep
13:10 Scout Tower
13:12 Scout Tower
13:16 Scout Tower
14:08 Guard Tower
14:14 Scout Tower
14:46 Scout Tower
14:47 Guard Tower
15:16 Scout Tower
15:45 Scout Tower
15:46 Guard Tower
15:49 Arcane Tower
16:42 Guard Tower
16:44 Scout Tower
18:58 Arcane Vault
19:12 Town Hall
20:27 Guard Tower
21:18 Scout Tower
» items
| Scroll of Regeneration | 6 | |
| Lesser Clarity Potion | 5 | |
| Scroll of Town Portal | 3 | |
| Potion of Healing | 3 | |
| Potion of Mana | 2 | |
19 total
quadra31 (
pink | 30 APM | 692 actions | 22:53)
4 Archmage
2 Summon Water Elemental
2 Brilliance Aura
1 Paladin
1 Holy Light
1 Mountain King
1 Storm Bolt
» actions
| Basic commands | 1 | |
| Build / train | 74 | |
| Enter build submenu | 27 | |
| Enter hero's abilities submenu | 6 | |
| Remove unit from queue | 1 | |
| Right click | 260 | |
| Select / deselect | 273 | |
| Use ability | 50 | |
692 total
» units
| Peasant | 26 | |
| Rifleman | 5 | |
| Mortar Team | 9 | |
| Flying Machine | 6 | |
46 total
» upgrades
| Masonry | 3 | |
| Lumber Harvesting | 2 | |
| Long Rifles | 1 | |
| Gunpowder | 2 | |
| Armor | 2 | |
| Backpack | 1 | |
| Flare | 1 | |
| Fragmentation Shards | 1 | |
13 total
» buildings
| Altar of Kings | 1 | |
| Farm | 9 | |
| Lumber Mill | 1 | |
| Barracks | 1 | |
| Scout Tower | 4 | |
| Blacksmith | 1 | |
| Arcane Tower | 1 | |
| Guard Tower | 3 | |
| Keep | 1 | |
| Arcane Vault | 1 | |
| Workshop | 3 | |
| Town Hall | 2 | |
| Castle | 1 | |
| Arcane Sanctum | 2 | |
31 total
» build order
00:08 Altar of Kings
00:23 Farm
01:07 Lumber Mill
01:12 Farm
01:47 Barracks
02:05 Scout Tower
02:17 Farm
02:56 Blacksmith
03:11 Arcane Tower
03:33 Scout Tower
04:12 Guard Tower
04:17 Farm
04:24 Farm
05:00 Keep
05:29 Farm
05:59 Arcane Vault
06:40 Farm
07:54 Workshop
09:24 Town Hall
09:41 Workshop
09:46 Scout Tower
11:28 Workshop
12:15 Castle
12:46 Scout Tower
12:50 Arcane Sanctum
13:47 Guard Tower
13:49 Guard Tower
13:59 Farm
16:06 Farm
16:12 Arcane Sanctum
19:43 Town Hall
elaminefr (
yellow | 87 APM | 784 actions | 09:01)
3 Archmage
2 Summon Water Elemental
1 Brilliance Aura
» actions
| Build / train | 45 | |
| Enter build submenu | 17 | |
| Enter hero's abilities submenu | 4 | |
| Remove unit from queue | 2 | |
| Right click | 467 | |
| Select / deselect | 197 | |
| Use ability | 52 | |
784 total
» units
» buildings
| Barracks | 2 | |
| Altar of Kings | 2 | |
| Farm | 3 | |
| Scout Tower | 5 | |
| Lumber Mill | 1 | |
| Guard Tower | 6 | |
| Blacksmith | 1 | |
| Arcane Vault | 1 | |
21 total
» build order
00:06 Barracks
00:08 Altar of Kings
00:10 Farm
00:17 Barracks
00:40 Altar of Kings
01:50 Farm
01:54 Scout Tower
02:00 Lumber Mill
03:29 Farm
03:40 Guard Tower
03:40 Guard Tower
03:40 Guard Tower
03:41 Guard Tower
04:56 Scout Tower
05:02 Scout Tower
05:14 Blacksmith
06:36 Arcane Vault
06:39 Scout Tower
07:37 Guard Tower
07:41 Scout Tower
» items
| Scroll of Regeneration | 1 | |
| Scroll of Town Portal | 1 | |
2 total
ILikeTrains (
orange | 29 APM | 271 actions | 09:21)
2 Mountain King
1 Storm Bolt
1 Bash
» actions
| Basic commands | 2 | |
| Build / train | 36 | |
| Enter build submenu | 15 | |
| Enter hero's abilities submenu | 2 | |
| Give item / drop item | 1 | |
| Right click | 90 | |
| Select / deselect | 98 | |
| Use ability | 27 | |
271 total
» units
| Peasant | 18 | |
| Footman | 5 | |
| Goblin Shredder | 1 | |
| Goblin Zeppelin | 1 | |
25 total
» upgrades
» buildings
| Altar of Kings | 1 | |
| Farm | 5 | |
| Barracks | 1 | |
| Scout Tower | 6 | |
| Lumber Mill | 1 | |
| Arcane Tower | 2 | |
| Arcane Vault | 1 | |
| Keep | 1 | |
| Guard Tower | 2 | |
| Blacksmith | 1 | |
| Arcane Sanctum | 1 | |
| Castle | 1 | |
23 total
» build order
00:17 Altar of Kings
00:24 Farm
00:25 Farm
00:34 Barracks
02:05 Scout Tower
02:19 Lumber Mill
02:40 Arcane Tower
03:03 Farm
03:04 Farm
03:08 Farm
03:23 Arcane Vault
03:38 Scout Tower
04:47 Arcane Tower
04:52 Scout Tower
04:53 Scout Tower
04:53 Scout Tower
04:54 Scout Tower
04:57 Keep
06:09 Guard Tower
06:27 Guard Tower
06:55 Blacksmith
08:00 Arcane Sanctum
08:06 Castle
» items
Chat log
(01:26 / Allies) Whitebird: AFK
(01:41 / Allies) zuba_the_frog: na e doig ressorce
(01:59 / All) lake101: come pls and at me,u a welcome
(03:00 / Allies) Whitebird: GO HIM
(03:15 / Allies) Whitebird: REGO RED
(03:20 / Allies) zuba_the_frog: k
(03:28 / Allies) Whitebird: KILL PEONS
(03:35 / Allies) zuba_the_frog: year good sra
(03:38 / Allies) Whitebird: purp come
(03:58 / Allies) Whitebird: tower
(04:27 / Allies) Whitebird: b
(04:28 / Allies) Whitebird: b
(04:40 / Allies) Whitebird: ok stop
(04:54 / Allies) Whitebird: mass and rego
(06:05 / Allies) Whitebird: goi yellow
(06:14 / Allies) Whitebird: he is almost dead
(06:30 / Allies) Whitebird: stay purp
(06:31 / Allies) Whitebird: i come
(06:32 / Allies) Whitebird: stay
(08:07 / Allies) Whitebird: am
(08:58 / Allies) Whitebird: main
(09:12 / Allies) Whitebird: red back
(09:19 / Allies) Whitebird: free xp
(09:23 / Allies) Whitebird: redc lol?
(09:41 / Allies) zuba_the_frog: tank now
(12:08 / Allies) Whitebird: b
(12:30 / Allies) zuba_the_frog: not alway back
(13:54 / Allies) zuba_the_frog: thnx
(18:43 / Allies) TeamCancer: kill pally
(18:49 / Allies) TeamCancer: pally
(18:57 / Allies) TeamCancer: pally
(19:13 / Allies) TeamCancer: pally
(19:16 / Allies) TeamCancer: pally
(19:17 / Allies) TeamCancer: pally
(19:19 / Allies) TeamCancer: paladin
(19:21 / Allies) TeamCancer: paladin
(20:26 / All) TeamCancer: lol
(20:29 / All) TeamCancer: why would you even attack me
(20:34 / All) TeamCancer: for a 2k mine
(21:54 / Allies) kiva11: suicide knites
(22:03 / Allies) zuba_the_frog: na good upgraded
(22:23 / Allies) zuba_the_frog: c thre stiullalie
(22:42 / All) lake101: wtf pink
(22:43 / All) lake101: asshole
(23:05 / All) lake101: k
(23:10 / All) lake101: boring alone all game